 Dungeon Crawl Stone Soup version 0.30-a0-618-gd6c86c23d0 (webtiles) character file.

Game seed: 6455457809447808177

322 drugrobin the Insei (level 6, -3/50 HPs)
             Began as a Demigod Delver on Jan 9, 2023.
             Killed from afar by Sigmund (19 damage)
             ... with a bolt of light
             ... on level 4 of the Dungeon.
             The game lasted 00:08:37 (3142 turns).

drugrobin the Insei (Demigod Delver)                Turns: 3142, Time: 00:08:38

Health: -3/50      AC:  8    Str: 17    XL:     6   Next: 2%
Magic:  8/8        EV:  7    Int: 12    God:
Gold:   187        SH:  0    Dex: 19    Spells: 5/5 levels left

rFire   . . .      SeeInvis .      - Unarmed
rCold   + . .      Faith    .    (no shield)
rNeg    . . .      Spirit   .    h - +0 chain mail
rPois   .          Reflect  .    (no helmet)
rElec   .          Harm     .    (no cloak)
rCorr   .          Rampage  .    (no gloves)
Will    .....                    (no boots) Stlth
                                 (no amulet)
HPRegen 0.28/turn                p - ring of protection from cold
MPRegen 0.11/turn                (no ring)

@: no status effects
A: high MP 1, forlorn, divine attributes
a: no special abilities


You were on level 4 of the Dungeon.
You visited 1 branch of the dungeon, and saw 5 of its levels.

You collected 187 gold pieces.

Inventory:

Hand Weapons
 b - a +2 dagger of venom
 c - a +0 sling
 j - a +2 short sword of venom
Missiles
 r - 8 poisoned darts (quivered)
Armour
 a - a +0 leather armour
 h - a +0 chain mail (worn)
 B - a +0 scale mail
Jewellery
 p - a ring of protection from cold (left hand)
Wands
 f - a wand of digging (3)
Scrolls
 d - a scroll of fear
 g - 2 scrolls of fog
 k - 7 scrolls of identify {unknown}
 q - a scroll of amnesia {unknown}
 s - a scroll of immolation {unknown}
 x - a scroll of acquirement {unknown}
 y - a scroll of vulnerability {unknown}
 z - 3 scrolls of teleportation {unknown}
 A - 3 scrolls of magic mapping
Potions
 e - 2 potions of haste
 l - 2 potions of degeneration {unknown}
 m - a potion of attraction {unknown}
 n - a potion of brilliance {unknown}
 o - a potion of resistance {unknown}
 t - a potion of lignification {unknown}
 u - a potion of flight {unknown}
 v - 2 potions of mutation {unknown}
 w - a potion of ambrosia {unknown}


   Skills:
 - Level 2.6 Fighting
 - Level 1.7 Dodging
 - Level 4.5 Stealth
 + Level 6.1 Unarmed Combat


You had 5 spell levels left.
You didn't know any spells.
Your spell library contained the following spells:

 Spells                   Type           Power      Damage    Failure   Level
 Sandblast                Erth           0%         2d4       99%         1
 Passwall                 Tmut/Erth      0%         N/A       100%        2
 Hailstorm                Conj/Ice       0%         3d3       100%        3
 Stone Arrow              Conj/Erth      0%         3d7       100%        3
 Ice Form                 Ice/Tmut       0%         N/A       100%        4
 Simulacrum               Ice/Necr       0%         N/A       100%        6


Dungeon Overview and Level Annotations

Branches:
Dungeon (5/15)
 Temple: D:4-7

Annotations:
D:4 Sigmund


Innate Abilities, Weirdness & Mutations

You have an increased reservoir of magic. (+10% MP)
You shall have no god before yourself.
Your divine heritage dramatically boosts your attributes as you level up.


Message History

You closely miss Sigmund.
Sigmund is moderately wounded.
You feel sick.
Sigmund hits you with a +1 scythe of venom.
You are lethally poisoned!
The hobgoblin hits you but does no damage.
Unknown command.
Unknown command.
The hobgoblin attacks as you move away! The hobgoblin hits you.
* * * LOW HITPOINT WARNING * * *
You feel very sick. Sigmund barely misses you.
Unknown command.
Unknown command.
* * * LOW HITPOINT WARNING * * *
You feel very sick.
Unknown command.
Unknown command.
* * * LOW HITPOINT WARNING * * *
You feel sick.
You feel better.
The hobgoblin hits you but does no damage.
Unknown command.
Unknown command.
The hobgoblin attacks as you move away! The hobgoblin barely misses you.
The hobgoblin attacks as you move away!
The hobgoblin hits you but does no damage.
Sigmund gestures wildly while chanting.
Sigmund flickers and vanishes!
Deactivating autopickup; reactivate with Ctrl-A.
The hobgoblin attacks as you move away!
The hobgoblin hits you but does no damage.
The hobgoblin attacks as you move away!
The hobgoblin hits you but does no damage.
You hear a zap.
A bolt of light appears from out of thin air!
The bolt of light hits the hobgoblin!
The hobgoblin dies!
The bolt of light hits you!!
You die...

#. #....##....†....# ###.#
#..###.........#.#...######.#
#.............#.#..........#
###..).####.# #{###.#####...
#..##)########.###...## ....#
#.....~≈##.....#...... ####
#.....≈≈##..r....##...
#....~≈≈##..#....#. ..
#....~≈÷'†@.#.#....#
#.....≈≈##†..........
#.....≈≈##............
#.....~≈##..............
#.########))............
#.......#............w..
#######................#
###.....s........#
#..............#


You could see a scorpion and a quokka.

Vanquished Creatures
  A scorpion (D:4)
  A hound (D:4)
  2 iguanas
  A jelly (D:3)
  Jessica (D:3)
  Terence (D:3)
  Robin (D:3)
  2 worms (D:2)
  3 dart slugs
  An orc (D:4)
  5 endoplasms
  4 giant cockroaches
  12 hobgoblins
  3 jackals (D:1)
  2 quokkas (D:3)
  5 ball pythons
  3 bats
  2 frilled lizards
  18 goblins
  4 kobolds
  7 rats
79 creatures vanquished.

Vanquished Creatures (others)
  A hobgoblin (D:4)
1 creature vanquished.

Grand Total: 80 creatures vanquished

Notes
Turn   | Place    | Note
-------+----------+-------------------------------------------
     0 | D:5      | drugrobin the Demigod Delver began the quest for the Orb.
     0 | D:5      | Reached XP level 1. HP: 18/18 MP: 3/3
     1 | D:5      | Noticed a phantom
    76 | D:4      | Noticed a hound
    79 | D:4      | Noticed a scorpion
    86 | D:3      | Noticed Jessica
   118 | D:3      | Reached skill level 2 in Unarmed Combat
   390 | D:1      | Reached XP level 2. HP: 25/25 MP: 4/4
   483 | D:1      | Reached skill level 3 in Unarmed Combat
  1050 | D:1      | Reached XP level 3. HP: 30/30 MP: 5/5
  1894 | D:3      | Killed Jessica
  1895 | D:3      | Reached skill level 4 in Unarmed Combat
  1895 | D:3      | Reached XP level 4. HP: 37/37 MP: 6/6
  2164 | D:3      | Noticed Robin
  2180 | D:3      | Killed Robin
  2233 | D:3      | Reached skill level 5 in Unarmed Combat
  2233 | D:3      | Reached XP level 5. HP: 26/42 MP: 7/7
  2386 | D:3      | Noticed Terence
  2398 | D:3      | Killed Terence
  3046 | D:4      | Reached skill level 6 in Unarmed Combat
  3046 | D:4      | Reached XP level 6. HP: 27/50 MP: 8/8
  3118 | D:4      | Noticed Sigmund
  3142 | D:4      | Killed from afar by Sigmund

Illustrated notes

Levels and vault maps discovered:
D:1:      heliophobic_arrival_ceremonial_halls, layout_basic,
          wander_ebering_terrifying_dragon_lair
D:2:      layout_loops_cross, basic_altar
D:3:      layout_loops_ring, serial_park_tiny_1, uniq_robin, uniq_terence,
          uniq_jessica
D:4:      minmay_wonky_spiral, layout_rooms, nicolae_qazlal_general_emergency,
          mainiacjoe_overflow_alcove_2, minmay_goblin_outpost, uniq_eustachio,
          uniq_sigmund, uniq_blork_the_orc
D:5:      layout_basic, minmay_temple_entry_butterflies, chequers_arboretum,
          minivault_27

Skill      XL: |  1  2  3  4  5 |
---------------+----------------+-----
Unarmed Combat | 2 3 4 5 6 |  6.1
Fighting       | |  2.6
Dodging        | |  1.7
Stealth        | |  4.5

Action                   |  1- 3 |  4- 6 || total
-------------------------+-------+-------++-------
Melee: Unarmed           |    28 |    70 ||    98
       Short sword       |    14 |       ||    14
       Punch             |     5 |     4 ||     9
       Dagger            |    83 |    53 ||   136
Throw: Dart              |       |     6 ||     6
  Use: Potion            |       |     2 ||     2
 Stab: Sleeping          |     1 |       ||     1
Armor: Leather armour    |     6 |       ||     6
       Chain mail        |    44 |    54 ||    98
Dodge: Dodged            |    27 |    39 ||    66

Table legend: (Time is in decaauts)
 A = Elapsed time spent in this place.
 B = Non-inter-level travel time spent in this place.
 C = Inter-level travel time spent in this place.
 D = Time resting spent in this place.
 E = Time spent auto-exploring this place.
 F = Levels seen in this place.
 G = Mean time per level.
                   A        B        C        D        E       F      G
               +--------+--------+--------+--------+--------+-----+--------+
         Total |   3125 |   3030 |     95 |    259 |   1949 |   5 |  625.0 |
       Dungeon |   3125 |   3030 |     95 |    259 |   1949 |   5 |  625.0 |
               +--------+--------+--------+--------+--------+-----+--------+

Top non-repeatable levels by time:
     D:3: 1109 daAuts
     D:1: 1003 daAuts
     D:2: 651 daAuts
     D:4: 284 daAuts
     D:5: 76 daAuts
